 Dungeon Crawl Stone Soup version 0.32-a0-331-geb24b2c (webtiles) character file.

Game seed: 8709672324644592084

4 namul the Trooper (level 1, -1/20 HPs)
             Began as a Minotaur Cinder Acolyte on Feb 16, 2024.
             Was a High Priest of Ignis.
             Slain by a kobold
             ... wielding a +2 whip of venom
              (7 damage)
             ... on level 1 of the Dungeon.
             The game lasted 00:03:43 (166 turns).

namul the Trooper (Minotaur Cinder Acolyte)          Turns: 166, Time: 00:03:44

Health: -1/20      AC:  2    Str: 18    XL:     1   Next: 58%
Magic:  1/1        EV: 11    Int: 11    God:    Ignis [*****.]
Gold:   0          SH:  0    Dex:  5    Spells: 2/2 levels left

rFire   + . .        a - -1 hand axe (flame)
rCold   . . .        (no shield)
rNeg    . . .        b - +0 robe
rPois   .            (helmet restricted)
rElec   .            (no cloak)
rCorr   .            (no gloves)
SInv    .            (no boots)
Will    .....        (no amulet)
Stlth   +            (no ring)
HPRegen 0.23/turn    (no ring)
MPRegen 0.07/turn

%: no passive effects
@: no status effects
A: horns 2, retaliatory headbutt
a: Renounce Religion, Fiery Armour, Foxfire Swarm, Rising Flame


You were on level 1 of the Dungeon.
You worshipped Ignis.
Ignis was extremely pleased with you.
You visited 1 branch of the dungeon, and saw 1 of its levels.

Inventory:

Hand Weapons
 a - a -1 hand axe of flaming (weapon)
Missiles
 g - 3 stones (quivered)
Armour
 b - a +0 robe (worn)
 e - a +0 ring mail
Magical Staves
 f - a staff of fire
Scrolls
 d - 2 scrolls of identify {unknown}


   Skills:
 + Level 3.8 Fighting
 + Level 3.7 Axes
 + Level 1.0 Spellcasting
 + Level 2.2 Fire Magic


You had 2 spell levels left.
You didn't know any spells.
Your spell library contained the following spells:

 Spells                   Type           Power      Damage    Failure   Level
 Scorch                   Fire           10%        2d5       19%         2


Dungeon Overview and Level Annotations

Branches:
Dungeon (1/15)

Altars:


Innate Abilities, Weirdness & Mutations

You have a pair of horns on your head.
You reflexively headbutt those who attack you in melee.


Message History

g - 3 stones A frilled lizard comes into view.
The frilled lizard hisses angrily.
A ball python comes into view.
A kobold comes into view. It is wielding a +2 whip of venom.
The kobold shouts!
The ball python hisses angrily.
The kobold throws a stone.
The stone closely misses you.
Found a hand axe.
You closely miss the frilled lizard.
Your headbutt misses the frilled lizard.
The frilled lizard bites you.
The ball python attacks as it pursues you!
The ball python bites you. The ball python grabs you.
The ball python constricts you. The ball python bites you.
The ball python constricts you.
You hit the ball python but do no damage.
The ball python bites you. The ball python constricts you.
You hit the ball python. You burn the ball python.
You kill the ball python!
You barely miss the kobold.
The kobold hits you with a +2 whip of venom.
You are lethally poisoned!
You miss the kobold.
You feel very sick. The kobold barely misses you.
You hit the kobold. You burn the kobold. Your headbutt misses the kobold.
The kobold is heavily wounded.
* * * LOW HITPOINT WARNING * * *
You feel sick.
A quokka comes into view.
The kobold hits you with a +2 whip of venom.
* * * LOW HITPOINT WARNING * * *
You are more poisoned.
The kobold hits you with a +2 whip of venom.
* * * LOW HITPOINT WARNING * * *
You are more poisoned.
It was a potion of curing.
You feel better.
The kobold hits you with a +2 whip of venom!
You die...
Ignis goes out, and joins you in death.

#..## ##.## .##
#..## ###..# ..#
#...###....# #.#
#...#.....## #.#
#).......## #.#
#........###### #.#
#..#.......##.###.##
##...##..#......#...
##@####...####.....
#K# ##### #####.
#l....# #. #.....#
#. #.....# #.
...r..# .. ......#
##. #.....# ##
#...).#


You could see a quokka, a kobold and a frilled lizard.

Vanquished Creatures
  A dart slug (D:1)
  A ball python (D:1)
2 creatures vanquished.

Notes
Turn   | Place    | Note
-------+----------+-------------------------------------------
     0 | D:1      | namul the Minotaur Cinder Acolyte began the quest for the
                  | Orb.
     0 | D:1      | Reached XP level 1. HP: 19/19 MP: 1/1
   165 | D:1      | HP: 1/20 [kobold/+2 whip of venom (2)]
   166 | D:1      | Slain by a kobold

Illustrated notes

Levels and vault maps discovered:
D:1:      dpeg_arrival_round_b, layout_rooms, item_on_display_a

Action                     || total
---------------------------++-------
  Melee: Hand axe          ||     8
    Use: Potion            ||     1
 Armour: Robe              ||    10
  Dodge: Dodged            ||     3

Table legend: (Time is in decaauts)
 A = Elapsed time spent in this place.
 B = Non-inter-level travel time spent in this place.
 C = Inter-level travel time spent in this place.
 D = Time resting spent in this place.
 E = Time spent auto-exploring this place.
 F = Levels seen in this place.
 G = Mean time per level.
                   A        B        C        D        E       F      G
               +--------+--------+--------+--------+--------+-----+--------+
         Total |    166 |    148 |     18 |      0 |     29 |   1 |  166.0 |
       Dungeon |    166 |    148 |     18 |      0 |     29 |   1 |  166.0 |
               +--------+--------+--------+--------+--------+-----+--------+

Top non-repeatable levels by time:
     D:1: 166 daAuts
